 Dungeon Crawl Stone Soup version 0.29.0-15-g675c0067aa (webtiles) character file.

Game seed: 17412696533748635471

255 groovy9 the Chopper (level 6, 0/51 HPs)
             Began as a Hill Orc Fighter on Sept 11, 2022.
             Was an Initiate of Okawaru.
             Slain by a white imp (4 damage)
             ... on level 4 of the Dungeon.
             The game lasted 00:07:35 (3301 turns).

groovy9 the Chopper (Hill Orc Fighter)              Turns: 3301, Time: 00:07:36

Health: 0/51       AC:  8    Str: 21    XL:     6   Next: 15%
Magic:  6/6        EV:  9    Int:  8    God:    Okawaru [......]
Gold:   182        SH:  4    Dex: 10    Spells: 5/5 levels left

rFire   . . .      SeeInvis .   a - +1 war axe
rCold   . . .      Faith    .   c - +0 buckler
rNeg    . . .      Spirit   .   b - +0 scale mail
rPois   .          Reflect  .   (no helmet)
rElec   .          Harm     .   (no cloak)
rCorr   +          Rampage  .   e - +0 pair of gloves
Will    .....                   (no boots)
Stlth   ..........              (no amulet)
HPRegen 0.17/turn               n - ring of resist corrosion
MPRegen 0.10/turn               (no ring)

@: hasted (expiring), very quick
A: no striking features
a: Renounce Religion


You were on level 4 of the Dungeon.
You worshipped Okawaru.
Okawaru was noncommittal.
You visited 2 branches of the dungeon, and saw 5 of its levels.

You collected 182 gold pieces.

Inventory:

Hand Weapons
 a - a +1 war axe (weapon)
Missiles
 i - 5 boomerangs (quivered)
Armour
 b - a +0 scale mail (worn)
 c - a +0 buckler (worn)
 e - a +0 pair of gloves (worn)
Jewellery
 n - a ring of resist corrosion (left hand)
Scrolls
 h - a scroll of enchant weapon
 p - a scroll of butterflies
Potions
 d - a potion of might
 f - 3 potions of curing
 j - a potion of brilliance
 k - a potion of cancellation
 l - a potion of attraction
 o - a potion of heal wounds {unknown}


   Skills:
 - Level 3.6 Fighting
 * Level 7.6 Axes
 + Level 1.9 Throwing
 - Level 3.2 Armour
 - Level 3.2 Shields


You had 5 spell levels left.
You didn't know any spells.
Your spell library contained the following spells:

 Spells                   Type           Power      Damage    Failure   Level
 Apportation              Tloc           0%         N/A       83%         1
 Necrotise                Necr           0%         1d4       83%         1
 Portal Projectile        Hex/Tloc       0%         N/A       99%         3
 Leda's Liquefaction      Hex/Erth       0%         N/A       100%        4
 Summon Small Mammal      Summ           Unusable   N/A       N/A         1
 Call Canine Familiar     Summ           Unusable   N/A       N/A         3

Dungeon Overview and Level Annotations

Branches:
Dungeon (4/15)             Temple (1/1) D:4

Altars:
Ashenzari
Cheibriados
Dithmenos
Elyvilon
Kikubaaqudgha
Okawaru
Qazlal
Sif Muna
Trog
Vehumet
Wu Jian
Zin
The Shining One

Shops:
D:2 ?


Message History

You hit the quokka.
The quokka is severely wounded.
The quokka closely misses you.
You closely miss the quokka.
The quokka is severely wounded.
The quokka barely misses you.
You miss the quokka.
The quokka is severely wounded.
The quokka misses you.
You barely miss the quokka.
The quokka is severely wounded.
The quokka bites you but does no damage.
You hit the quokka.
You kill the quokka!
Okawaru accepts your kill.
You start resting.
A white imp is nearby!
Throw: 5 boomerangs
Press: ? - help, Q - select action Shift-Dir - straight line, f - white imp
Aim: a white imp (heavily wounded, 56% to hit)
You throw a boomerang. The boomerang hits the white imp.
The white imp is heavily wounded.
You closely miss the white imp.
The white imp is heavily wounded.
You closely miss the white imp.
The white imp is heavily wounded.
The white imp hits you but does no damage.
You barely miss the white imp.
The white imp is heavily wounded.
The white imp hits you.
* * * LOW HITPOINT WARNING * * *
The white imp freezes you.
* * * LOW HITPOINT WARNING * * *
You hit the white imp but do no damage.
The white imp is heavily wounded.
Your extra speed is starting to run out.
The white imp hits you.
* * * LOW HITPOINT WARNING * * *
The white imp freezes you.
You die...

...##
#ยง..#
#### #..)#
##.#.#
###r.#.#
###...##.#
#...####.#
#.### #.'
#####.#
###
#..@5.#
#...#####
#.# .. #


You could see a white imp.

Vanquished Creatures
  A howler monkey (D:4)
  A hound (D:4)
  Jessica (D:2)
  7 adders
  2 worms (D:2)
  4 dart slugs
  8 orcs
  5 endoplasms
  3 giant cockroaches
  5 hobgoblins
  2 jackals (D:2)
  3 quokkas
  7 ball pythons
  6 bats
  5 frilled lizards
  7 goblins
  9 kobolds
  5 rats
81 creatures vanquished.

Vanquished Creatures (others)
  5 plants (D:2)
5 creatures vanquished.

Grand Total: 86 creatures vanquished

Notes
Turn   | Place    | Note
-------+----------+-------------------------------------------
     0 | D:1      | groovy9 the Hill Orc Fighter began the quest for the Orb.
     0 | D:1      | Reached XP level 1. HP: 19/19 MP: 1/1
    26 | D:1      | Reached skill level 3 in Axes
   127 | D:1      | Reached XP level 2. HP: 24/26 MP: 2/2
   460 | D:1      | Reached skill level 4 in Axes
  1064 | D:2      | Reached XP level 3. HP: 31/31 MP: 3/3
  1229 | D:2      | Reached skill level 5 in Axes
  1441 | D:2      | Noticed Jessica
  1445 | D:2      | Killed Jessica
  1446 | D:2      | Reached XP level 4. HP: 39/39 MP: 4/4
  1559 | D:2      | Found a broken altar of Ashenzari.
  1564 | D:2      | Reached skill level 6 in Axes
  1815 | D:2      | Found Niosygir's Magic Scroll Emporium.
  2066 | D:3      | Reached XP level 5. HP: 43/45 MP: 5/5
  2192 | D:3      | Reached skill level 1 in Throwing
  2507 | D:3      | Reached skill level 7 in Axes
  2975 | D:4      | Found a staircase to the Ecumenical Temple.
  2984 | Temple   | Entered the Ecumenical Temple
  3015 | Temple   | Became a worshipper of Warmaster Okawaru
  3239 | D:4      | Reached XP level 6. HP: 48/51 MP: 6/6
  3301 | D:4      | Slain by a white imp

Illustrated notes

Levels and vault maps discovered:
D:1:      dpeg_arrival_houses_and_road, layout_loops_corners
D:2:      layout_rooms, basic_altar, serial_shops, shop_statue,
          nicolae_concentric_dashed_squares_wild, serial_bayou_lagoon_b,
          uniq_jessica
D:3:      minmay_evil_eye, layout_basic
D:4:      layout_rooms, minmay_temple_entry_offerings, serial_corexii_hall,
          chequers_hall_statues_wall_a, corexii_hall_statues_l, minivault_24,
          roderic_roman_lattice, kennysheep_generic_room_16
Temple:   minmay_temple_bridge_abc

Skill      XL: |  1  2  3  4  5 |
---------------+----------------+-----
Axes           | 3 4 5 6 7 |  7.6
Throwing       | 1 |  1.9
Fighting       | |  3.6
Armour         | |  3.2
Shields        | |  3.2

Action                   |  1- 3 |  4- 6 || total
-------------------------+-------+-------++-------
Melee: War axe           |    88 |   131 ||   219
Throw: Boomerang         |       |    10 ||    10
  Use: Scroll            |     4 |     6 ||    10
       Potion            |       |     1 ||     1
Armor: Scale mail        |    38 |    52 ||    90
Dodge: Dodged            |    33 |    54 ||    87
Block: Buckler           |    22 |    24 ||    46
